 Dungeon Crawl Stone Soup version 0.26.1-11-gd32895ea62 (webtiles) character file.

Game seed: 15643613634813301930

200 Almogavar the Grave Robber (level 5, -2/39 HPs)
             Began as a Hill Orc Necromancer on May 25, 2021.
             Was a Follower of Nemelex Xobeh.
             Slain by an orc wizard
             ... wielding a +0 dagger
              (3 damage)
             ... on level 4 of the Dungeon.
             The game lasted 00:15:27 (4788 turns).

Almogavar the Grave Robber (Hill Orc Necromancer)   Turns: 4788, Time: 00:15:28

Health: -2/39      AC:  2    Str: 11    XL:     5   Next: 78%
Magic:  3/9        EV: 12    Int: 16    God:    Nemelex Xobeh [*.....]
Gold:   203        SH:  0    Dex: 11    Spells: 6/10 levels left

rFire    . . .     SeeInvis .   r - +0 hand axe (elec)
rCold    . . .     Faith    .   (no shield)
rNeg     . . .     Spirit   .   a - +0 robe
rPois    .         Reflect  .   (no helmet)
rElec    .         Harm     .   (no cloak)
rCorr    .         Rampage  .   (no gloves)
Will     +....                  (no boots)
Stlth    ++........             (no amulet)
HPRegen  0.13/turn              h - ring of willpower
MPRegen  0.11/turn              k - ring of wizardry

@: no status effects
A: no striking features
a: Renounce Religion, Draw Escape, Draw Destruction, Draw Summoning


You were on level 4 of the Dungeon.
You worshipped Nemelex Xobeh.
Nemelex Xobeh was aware of your devotion.
You visited 1 branch of the dungeon, and saw 4 of its levels.

You collected 203 gold pieces.

Inventory:

Hand Weapons
 p - a +0 hand axe
 r - a +0 hand axe of electrocution (weapon)
Armour
 a - a +0 robe (worn)
 e - a +0 leather armour
 g - a +0 kite shield
 j - a +0 ring mail
Jewellery
 h - a ring of willpower (left hand)
 k - a ring of wizardry (right hand)
Wands
 c - a wand of random effects (15)
Scrolls
 b - a scroll of noise {unknown}
 d - 2 scrolls of teleportation
 f - 2 scrolls of enchant armour
 l - a scroll of enchant weapon
 m - 2 scrolls of amnesia
 n - a scroll of blinking
 o - a scroll of remove curse {unknown}
Potions
 i - a potion of haste
 q - a potion of heal wounds {unknown}


   Skills:
 + Level 0.4 Fighting
 + Level 1.7 Dodging
 - Level 1.7 Stealth
 + Level 3.0 Spellcasting
 + Level 5.6 Necromancy


You had 6 spell levels left.
You knew the following spells:

 Your Spells              Type           Power        Failure   Level
a - Pain                  Necr           80%          1%          1
b - Vampiric Draining     Necr           10%          2%          3

Your spell library contained the following spells:

 Spells                   Type           Power        Failure   Level
 Animate Skeleton         Necr           40%          1%          1
 Apportation              Tloc           4%           8%          1
 Corona                   Hex            2%           8%          1
 Summon Small Mammal      Summ           8%           8%          1
 Animate Dead             Necr           10%          8%          4
 Agony                    Necr           20%          21%         5


Dungeon Overview and Level Annotations

Branches:
Dungeon (4/15)
 Temple: D:4-7

Altars:
Hepliaklqana
Nemelex Xobeh
Ru
Yredelemnul


Message History

You feel a bit more experienced.
Your Spellcasting skill increases to level 3!
Casting: Pain (safe; 1% risk of failure)
Confirm with . or Enter, or press ? or * to list all spells.
Aiming: Pain (safe; 1% risk of failure)
Press: ? - help, Shift-Dir - straight line, f/p - orc wizard
Aim: an orc wizard, wielding a +0 dagger and wearing a +0 robe (fast, chance to affect: 80%)
The orc wizard writhes in agony.
The orc wizard gestures at you while chanting.
The puff of flame hits you.
* * * LOW HITPOINT WARNING * * *
Casting: Pain (safe; 1% risk of failure)
Confirm with . or Enter, or press ? or * to list all spells.
Aiming: Pain (safe; 1% risk of failure)
Press: ? - help, Shift-Dir - straight line, f/p - orc wizard
Aim: an orc wizard, wielding a +0 dagger and wearing a +0 robe (lightly wounded, fast, chance to affect: 80%)
The orc wizard writhes in agony.
The orc wizard closely misses you.
The orc wizard hits you with a +0 dagger.
You die...
Your body disappears without a glow.

##.#
#####.#####...#.#
#.# ...# #.#
#.###.# #.# ####
#.### #. #.#
#.### #.#.. ..
#.# #...# #....
..# ###.# ###o#
#.# #.# #.#
##)####### #.#
#...o@...# #.#
##.#####.# #.#
#.# #.#######<#
#.# #..##.....#
..# #.........#
### #..##...#.#
#.......#.#
.......#.#.#
#.#....#....#


You could see an orc wizard (fast).

Vanquished Creatures
  2 orc priests (D:4)
  3 adders
  2 oozes (D:1)
  A worm (D:4)
  5 dart slugs
  3 leopard geckos
  3 orcs (D:4)
  A ball python (D:1)
  7 bats
  2 giant cockroaches
  5 goblins
  7 hobgoblins
  8 jackals
  3 frilled lizards
  6 kobolds
  A leopard gecko skeleton (D:4)
  A quokka skeleton (D:4)
  5 rats
65 creatures vanquished.

Vanquished Creatures (others)
  An orc wizard (D:4)
  A plant (D:1)
2 creatures vanquished.

Grand Total: 67 creatures vanquished

Notes
Turn   | Place    | Note
-------+----------+-------------------------------------------
     0 | D:1      | Almogavar the Hill Orc Necromancer began the quest for the
                  | Orb.
     0 | D:1      | Reached XP level 1. HP: 14/14 MP: 3/3
   169 | D:1      | Reached XP level 2. HP: 13/20 MP: 0/4
   790 | D:1      | Reached XP level 3. HP: 23/26 MP: 2/5
  2085 | D:2      | You fall into a shaft and drop 2 floors!
  2174 | D:4      | Reached XP level 4. HP: 24/33 MP: 7/7
  2464 | D:2      | Found a hazy altar of Hepliaklqana.
  2464 | D:2      | Found a sparkling altar of Nemelex Xobeh.
  2484 | D:2      | Became a worshipper of Nemelex Xobeh the Trickster
  2678 | D:2      | Found a faded altar of an unknown god.
  2844 | D:2      | Reached skill level 5 in Necromancy
  2851 | D:2      | Learned a level 3 spell: Vampiric Draining
  2883 | D:2      | Found a basalt altar of Yredelemnul.
  2999 | D:2      | You fall into a shaft and drop 2 floors!
  3660 | D:3      | Found a sacrificial altar of Ru.
  4161 | D:4      | Reached XP level 5. HP: 32/38 MP: 2/9
  4258 | D:4      | HP: 1/38 [orc priest/+0 hand axe (2)]
  4742 | D:4      | Reached * piety under Nemelex Xobeh
  4787 | D:4      | HP: 1/39 [orc wizard/puff of flame (5)]
  4788 | D:4      | Slain by an orc wizard

Illustrated notes

Levels and vault maps discovered:
D:1:      dpeg_arrival_morbid_curiosity, layout_basic, serial_forest,
          infiniplex_forest_clump_C, infiniplex_forest_zigzag_1,
          infiniplex_forest_pool, infiniplex_forest_clump_small,
          infiniplex_forest_lined_room_3, infiniplex_forest_clump_small,
          infiniplex_forest_lined_2, amcnicky_mini_pool_small
D:2:      layout_rooms, gammafunk_temple_overflow_elements,
          lemuel_coloured_pillars_altar, chequers_ecumenical_altar_simple
D:3:      layout_basic, lemuel_doored_altar, serial_bayou_crossing
D:4:      layout_loops_ring, minmay_temple_entry_poolview,
          minmay_misc_feat_square

Skill      XL: |  1  2  3  4  5 |
---------------+----------------+-----
Spellcasting   | 2 3 |  3.0
Necromancy     | 5 |  5.6
Fighting       | |  0.4
Dodging        | |  1.7
Stealth        | |  1.7

Action                   |  1- 3 |  4- 6 || total
-------------------------+-------+-------++-------
Melee: Unarmed           |    11 |       ||    11
       Dagger            |    13 |     7 ||    20
       Hand axe          |       |    11 ||    11
 Cast: Pain              |    66 |    73 ||   139
       Vampiric Draining |       |     2 ||     2
  Use: Scroll            |     3 |     5 ||     8
Armor: Robe              |     4 |     4 ||     8
Dodge: Dodged            |    21 |     7 ||    28
